 Dungeon Crawl Stone Soup version 0.31-a0-996-g3b49de5836 (webtiles) character file.

Game seed: 18263617111396938589

567 Malachi the Vexing (level 7, -3/52 HPs)
             Began as a Gnoll Hexslinger on Nov 7, 2023.
             Was a Believer of Jiyva.
             Slain by a scorpion (6 damage)
             ... on level 4 of the Dungeon.
             The game lasted 00:04:31 (2806 turns).

Malachi the Vexing (Gnoll Hexslinger)               Turns: 2806, Time: 00:04:32

Health: -3/52      AC:  3    Str:  8    XL:     7   Next: 33%
Magic:  12/12      EV: 15    Int: 12    God:    Jiyva [**....]
Gold:   123        SH:  0    Dex: 18    Spells: 13/13 levels left

rFire   . . .        a - +1 sling
rCold   . . .        (no shield)
rNeg    . . .        c - +0 robe
rPois   .            (no helmet)
rElec   .            f - +0 cloak
rCorr   +            (no gloves)
SInv    .            (no boots)
Will    .....        (no amulet)
Stlth   +++          (no ring)
HPRegen 0.96/turn    (no ring)
MPRegen 0.43/turn

%: no passive effects
@: lethally poisoned (-3 -> -12), inhibited regen
A: fangs 1, strong nose, distributed training, thin skeletal structure 1,
inhibited regeneration
a: Renounce Religion


You were on level 4 of the Dungeon.
You worshipped Jiyva.
Jiyva was pleased with you.
You visited 1 branch of the dungeon, and saw 4 of its levels.

You collected 123 gold pieces.

Inventory:

Hand Weapons
 a - a +1 sling (weapon)
Armour
 c - a +0 robe (worn)
 f - a +0 cloak (worn)
 n - a +1 cloak
Jewellery
 e - a ring of see invisible
Talismans
 j - a dragon-blood talisman
Wands
 g - a wand of mindburst (21)
Scrolls
 b - a scroll of poison
 d - a scroll of fear {unknown}
 h - 2 scrolls of teleportation {unknown}
 i - a scroll of amnesia {unknown}
 k - a scroll of identify {unknown}


   Skills:
 + Level 3.6 Fighting
 + Level 2.4 Short Blades
 + Level 2.4 Long Blades
 + Level 2.4 Axes
 + Level 2.4 Maces & Flails
 + Level 2.4 Polearms
 + Level 2.4 Staves
 + Level 5.2 Ranged Weapons
 + Level 2.4 Throwing
 + Level 2.4 Armour
 + Level 5.2 Dodging
 + Level 2.4 Stealth
 + Level 2.4 Shields
 + Level 2.4 Unarmed Combat
 + Level 3.8 Spellcasting
 + Level 2.0 Conjurations
 + Level 5.8 Hexes
 + Level 2.0 Summonings
 + Level 2.0 Necromancy
 + Level 2.0 Translocations
 + Level 2.0 Transmutations
 + Level 3.0 Fire Magic
 + Level 2.0 Ice Magic
 + Level 2.0 Air Magic
 + Level 2.0 Earth Magic
 + Level 2.0 Poison Magic
 + Level 2.7 Invocations
 + Level 2.4 Evocations
 + Level 2.2 Shapeshifting


You had 13 spell levels left.
You didn't know any spells.
Your spell library contained the following spells:

 Spells                   Type           Power      Damage    Failure   Level
 Jinxbite                 Hex            32%        N/A       3%          2
 Sigil of Binding         Hex            16%        N/A       6%          3
 Inner Flame              Hex/Fire       12%        N/A       11%         3
 Cause Fear               Hex            8%         N/A       21%         4
 Dimensional Bullseye     Hex/Tloc       5%         N/A       41%         4
 Conjure Ball Lightning   Conj/Air       3%         3x3d6     100%        6
 Discord                  Hex            8%         N/A       100%        8
 Disjunction              Tloc           3%         N/A       100%        8


Dungeon Overview and Level Annotations

Branches:
Dungeon (4/15)
 Temple: D:4-7

Altars:
Elyvilon
Wu Jian
Jiyva


Innate Abilities, Weirdness & Mutations

You have very sharp teeth.
Your uncanny sense of smell can sniff out nearby items.
Your experience applies equally to all skills.
You have a somewhat thin skeletal structure. (Dex +2, Stealth+)
You do not regenerate when monsters are visible.


Message History

The scorpion misses you.
You hear a distant slurping noise.
You shoot a sling bullet.
The sling bullet hits the scorpion but does no damage.
The scorpion is lightly wounded.
The scorpion stings you!
You are poisoned.
The scorpion poisons you! The scorpion stings you!
You are more poisoned.
The scorpion poisons you!
It was a potion of ambrosia.
You are confused.
You feel invigorated.
You feel very sick. The scorpion stings you.
You are lethally poisoned!
The scorpion poisons you!
Unknown command.
Non-targeted confused fire: a) +1 sling
Press: ? - help, Q - select action, (/) - cycle Dir - look around, f - activate You shoot a sling bullet.
You feel extremely sick. The scorpion stings you.
You are lethally poisoned!
The scorpion poisons you!
Okay, then.
* * * LOW HITPOINT WARNING * * *
You feel extremely sick. The scorpion stings you.
* * * LOW HITPOINT WARNING * * *
The scorpion misses you.
You feel less invigorated.
You feel less confused.
* * * LOW HITPOINT WARNING * * *
You feel extremely sick.
The scorpion stings you but does no damage.
* * * LOW HITPOINT WARNING * * *
You feel very sick. The scorpion stings you.
You die...

#.....#
#.....### ∆
#........
#........ .
#........ ...
#.....#
.....##.....###
......†@...>...
......s).......
...............
.....##########
..... .... ...
...


You could see a scorpion.

Vanquished Creatures
  Grinder (D:3)
  A scorpion (D:4)
  8 jellies (D:1)
  An adder (D:2)
  2 worms (D:2)
  4 dart slugs
  4 orcs
  8 endoplasms (D:1)
  2 giant cockroaches
  4 hobgoblins
  2 quokkas
  5 ball pythons
  10 bats
  4 goblins
  6 kobolds
  5 rats
67 creatures vanquished.

Vanquished Creatures (others)
  An orc (D:4)
  3 ball pythons
  3 giant cockroaches
  A goblin (D:3)
  A quokka (D:2)
9 creatures vanquished.

Grand Total: 76 creatures vanquished

Notes
Turn   | Place    | Note
-------+----------+-------------------------------------------
     0 | D:1      | Malachi the Gnoll Hexslinger began the quest for the Orb.
     0 | D:1      | Reached XP level 1. HP: 17/17 MP: 4/4
    74 | D:1      | Reached XP level 2. HP: 23/23 MP: 5/5
    80 | D:1      | Found a large runed translucent door.
    80 | D:1      | Found a large runed translucent door.
   121 | D:1      | Found a viscous altar of Jiyva.
   571 | D:1      | Reached XP level 3. HP: 27/28 MP: 7/7
  1126 | D:2      | Gained mutation: You are weak. (Str -2) [potion of
                  | mutation]
  1126 | D:2      | Gained mutation: You are dopey. (Int -2) [potion of
                  | mutation]
  1126 | D:2      | Gained mutation: Your system is resistant to poisons.
                  | (rPois) [potion of mutation]
  1130 | D:2      | Reached skill level 1 in Invocations
  1132 | D:2      | Lost mutation: You are weak. (Str -2) [potion of mutation]
  1132 | D:2      | Lost mutation: You are dopey. (Int -2) [potion of mutation]
  1132 | D:2      | Lost mutation: Your system is resistant to poisons. (rPois)
                  | [potion of mutation]
  1132 | D:2      | Gained mutation: You do not regenerate when monsters are
                  | visible. [potion of mutation]
  1132 | D:2      | Gained mutation: You have a somewhat thin skeletal
                  | structure. (Dex +2, Stealth+) [potion of mutation]
  1190 | D:1      | Reached skill level 1 in Short Blades
  1190 | D:1      | Reached skill level 1 in Long Blades
  1190 | D:1      | Reached skill level 1 in Axes
  1190 | D:1      | Reached skill level 1 in Maces & Flails
  1190 | D:1      | Reached skill level 1 in Polearms
  1190 | D:1      | Reached skill level 1 in Staves
  1190 | D:1      | Reached skill level 1 in Throwing
  1190 | D:1      | Reached skill level 1 in Armour
  1190 | D:1      | Reached skill level 1 in Stealth
  1190 | D:1      | Reached skill level 1 in Shields
  1190 | D:1      | Reached skill level 1 in Unarmed Combat
  1190 | D:1      | Reached skill level 1 in Evocations
  1190 | D:1      | Reached skill level 1 in Shapeshifting
  1190 | D:1      | Reached XP level 4. HP: 25/34 MP: 8/8
  1228 | D:1      | Reached skill level 1 in Conjurations
  1228 | D:1      | Reached skill level 1 in Summonings
  1228 | D:1      | Reached skill level 1 in Necromancy
  1228 | D:1      | Reached skill level 1 in Translocations
  1228 | D:1      | Reached skill level 1 in Transmutations
  1228 | D:1      | Reached skill level 1 in Ice Magic
  1228 | D:1      | Reached skill level 1 in Air Magic
  1228 | D:1      | Reached skill level 1 in Earth Magic
  1228 | D:1      | Reached skill level 1 in Poison Magic
  1257 | D:1      | Reached XP level 5. HP: 26/40 MP: 9/9
  1510 | D:1      | Reached XP level 6. HP: 41/47 MP: 9/11
  1572 | D:1      | Reached skill level 5 in Ranged Weapons
  1572 | D:1      | Reached skill level 5 in Dodging
  1586 | D:1      | Became a worshipper of Jiyva Jodwaum the Shapeless
  1855 | D:2      | Reached * piety under Jiyva
  1998 | D:2      | Found a white marble altar of Elyvilon.
  2181 | D:3      | Found an ornate altar of the Wu Jian Council.
  2384 | D:3      | Reached ** piety under Jiyva
  2608 | D:4      | Noticed Grinder
  2611 | D:4      | Paralysed by Grinder for 5 turns
  2621 | D:3      | Paralysed by Grinder for 5 turns
  2641 | D:3      | Paralysed by Grinder for 4 turns
  2648 | D:3      | Killed Grinder
  2649 | D:3      | Reached XP level 7. HP: 16/52 MP: 12/12
  2806 | D:4      | Slain by a scorpion

Illustrated notes

Levels and vault maps discovered:
D:1:      erik_arrival_cave_to_civilisation [erik_arrival_cave_to_temple],
          layout_basic, nicolae_houndstooth_variations
D:2:      layout_basic, basic_altar, corexii_item_surrounded_by_moat,
          serial_bayou_pond_c, minmay_misc_feat_chi
D:3:      layout_rooms, overflow_temple_1_default, grunt_ministairs_9,
          st_stairs_5, kennysheep_generic_room_10
D:4:      minmay_diamond_boxcup, layout_gridville, fedhas_altar_1,
          kennysheep_path_1, chequers_serial_rivers_micro_d, feat_on_display,
          uniq_grinder

Skill      XL: |  1  2  3  4  5  6  7 |
---------------+----------------------+-----
Fire Magic     | 2 3 |  3.0
Invocations    | 1 2 |  2.7
Short Blades   | 1 2 |  2.4
Long Blades    | 1 2 |  2.4
Axes           | 1 2 |  2.4
Maces & Flails | 1 2 |  2.4
Polearms       | 1 2 |  2.4
Staves         | 1 2 |  2.4
Throwing       | 1 2 |  2.4
Armour         | 1 2 |  2.4
Stealth        | 1 2 |  2.4
Shields        | 1 2 |  2.4
Unarmed Combat | 1 2 |  2.4
Spellcasting   | 3 |  3.8
Evocations     | 1 2 |  2.4
Shapeshifting  | 1 2 |  2.2
Conjurations   | 1 2 |  2.0
Summonings     | 1 2 |  2.0
Necromancy     | 1 2 |  2.0
Translocations | 1 2 |  2.0
Transmutations | 1 2 |  2.0
Ice Magic      | 1 2 |  2.0
Air Magic      | 1 2 |  2.0
Earth Magic    | 1 2 |  2.0
Poison Magic   | 1 2 |  2.0
Fighting       | 3 |  3.6
Ranged Weapons | 5 |  5.2
Dodging        | 5 |  5.2
Hexes          | |  5.8

Action                     |  1- 3 |  4- 6 |  7- 9 || total
---------------------------+-------+-------+-------++-------
   Fire: Sling             |    83 |    97 |    19 ||   199
  Evoke: Wand              |       |     1 |     2 ||     3
    Use: Potion            |     3 |       |     2 ||     5
 Armour: Robe              |    25 |     9 |    21 ||    55
  Dodge: Dodged            |    52 |    10 |    19 ||    81

Table legend: (Time is in decaauts)
 A = Elapsed time spent in this place.
 B = Non-inter-level travel time spent in this place.
 C = Inter-level travel time spent in this place.
 D = Time resting spent in this place.
 E = Time spent auto-exploring this place.
 F = Levels seen in this place.
 G = Mean time per level.
                   A        B        C        D        E       F      G
               +--------+--------+--------+--------+--------+-----+--------+
         Total |   2843 |   2712 |    131 |    357 |   1822 |   4 |  710.8 |
       Dungeon |   2843 |   2712 |    131 |    357 |   1822 |   4 |  710.8 |
               +--------+--------+--------+--------+--------+-----+--------+

Top non-repeatable levels by time:
     D:1: 1429 daAuts
     D:2: 779 daAuts
     D:3: 595 daAuts
     D:4: 38 daAuts
